Unix xNetHack Version 7.1.0 - last build Jun 10 2022 16:52:22 (33bbff3b7d1ce07880d5c4b1c5efc7e91935e5b9). Game began 2022-07-03 20:23:43, ended 2022-07-03 20:27:01. nmlkj, chaotic male human Wizard ---- |... .... --- -..h ---. --...---...---- --..........|<.--- |...........|[)..------------------ ` . | |..........%...............*...................| --................------------------ |........%.........- --........@....-.(...- -......--.|......--..| |......- --------.- | |..... .. |.... -- --.. -- Nmlkj the Conjurer St:10 Dx:16 Co:15 In:18 Wi:10 Ch:9 Chaotic S:458 Dlvl:3 $:18 HP:0(34) Pw:6(26) AC:9 Xp:4/85 T:438 FoodPois Latest messages: You kill the gnome! In what direction? j The spell misses the dwarf. You don't have enough energy to cast that spell. The dwarf wields a pick-axe! You whack the dwarf. The dwarf swings his pick-axe. The dwarf hits you! You hear rumbling in the distance. You climb up the stairs. In what direction? l The spell hits the acid blob! You kill the acid blob! In what direction? l The boulder falls apart. You see here 16 rocks. There is a doorway here. You see here an acid blob corpse. You descend the stairs. You hear rumbling in the distance. In what direction? j The spell hits the dwarf! You kill the dwarf! There is a gnome corpse here; eat it? [ynq] (n) y Ulch - that meat was tainted! You feel deathly sick. (It must have died too long ago to be safe to eat.) The gnome wields a bone bow! In what direction? h The spell hits the gnome! You kill the gnome! The gnome shoots a silver arrow! You are hit by a silver arrow. In what direction? h The spell hits the gnome! You kill the gnome! A swirly potion shatters! You see a boulder start to roll. You hear rumbling in the distance. Your sickness feels worse. Your sickness is severe. The gnome picks up a bone bow. The gnome picks up 12 silver arrows. You are at Death's door. In what direction? k The spell hits the gnome! You kill the gnome! Welcome to experience level 4. A clear potion shatters! You die from your illness. Major events: Turn 1: nmlkj the chaotic male human Wizard entered the dungeon 203: attained the rank of Conjurer (level 3) 359: entered the Gnomish Mines 438: poisoned by a rotted gnome corpse Inventory: Inventory: 299/675 weight (13/52 slots) Coins $ - 18 gold pieces {1} Weapons i - a +0 elven dagger {10} a - a blessed +1 quarterstaff (weapon in hands) {40} Armor l - a cursed -1 dwarvish helm {40} b - an uncursed +0 cloak of magic resistance (being worn) {8} Comestibles m - an uncursed food ration {20} j - 2 uncursed melons {10} k - 2 uncursed pears {4} Spellbooks c - a blessed spellbook of force bolt {35} f - an uncursed spellbook of healing {35} d - a blessed spellbook of magic missile {40} e - an uncursed spellbook of protection {35} Potions h - an uncursed potion of paralysis {20} Tools g - an uncursed blindfold {2} Nmlkj the Wizard's attributes: Background: You were a Conjurer, a level 4 male human Wizard. You were chaotic, on a mission for Anhur who was opposed by Ptah (lawful) and Thoth (neutral). You were heterosexual. You were in the Gnomish Mines, on level 3. You entered the dungeon 438 turns ago. You had 85 experience points, 75 more were needed to attain level 5. Your score was 458 before end-of-game adjustments. Basics: You had 0 out of 34 hit points. You had 6 out of 26 energy points (spell power). Your armor class was 9. Your wallet contained 18 zorkmids. Autopickup was on for '$"?+!=/' plus thrown. Final Characteristics: Your strength was 10 (limit:18/100). Your dexterity was 16 (limit:18). Your constitution was 15 (limit:18). Your intelligence was 18 (limit:18). Your wisdom was 10 (limit:18). Your charisma was 9 (limit:18). Final Status: You died from food poisoning. You were not hungry. You were unencumbered. You were wielding a quarterstaff. You had basic skill with quarterstaff. Final Attributes: You were fervently aligned. You were magic-protected. You were warded. You are dead. Miscellaneous: You never encountered a bones level. Total elapsed playing time was 3 minutes and 18 seconds. Vanquished creatures: a dwarf an acid blob 2 hobbits 2 large kobolds 7 gnomes 2 jackals 2 goblins 2 lichens 19 creatures vanquished. No species were genocided or became extinct. Voluntary challenges: You were an atheist. You were illiterate. You never genocided any monsters. You never polymorphed an object. You never changed form. You never touched an artifact. You used no wishes. You never owned a pet. You never scared an enemy with impunity. You were celibate. You never generated conflict. Achievements: You attained the rank of Conjurer. You entered the Gnomish Mines. The Dungeons of Doom: levels 1 to 2 Level 1: Some fountains. Level 2: A tree. Stairs down to The Gnomish Mines. The Gnomish Mines: Level 3: <- You were here. Final resting place for you, poisoned by a rotted gnome corpse. Game over: __________ / \ / REST \ / IN \ / PEACE \ / \ | nmlkj | | 18 Au | | poisoned by a | | rotted gnome | | corpse | | | | 2022 | *| * * * | * _________)/\\_//(\/(/\)/\//\/|_)_______ Goodbye nmlkj the Wizard... You were poisoned in The Gnomish Mines on dungeon level 3 with 457 points, and 18 pieces of gold, after 438 moves. You were level 4 with a maximum of 34 hit points when you were poisoned.